 Dungeon Crawl Stone Soup version 0.23.2-40-g277498a001 (webtiles) character file.

Game seed: 2484200164172227024

5297 OrcJesus the Grappler (level 10, -2/100 HPs)
             Began as a Troll Berserker on Sept 5, 2019.
             Was a High Priest of Trog.
             Killed by divine providence
             ... invoked by an orc priest
              (8 damage)
             ... on level 9 of the Dungeon.
             The game lasted 00:18:32 (6476 turns).

OrcJesus the Grappler (Troll Berserker)             Turns: 6476, Time: 00:18:35

Health: -2/100     AC: 20    Str: 27    XL:     10   Next: 37%
Magic:  9/9        EV:  7    Int:  5    God:    Trog [*****.]
Gold:   541        SH:  4    Dex: 10    Spells: 9/9 levels left

rFire    . . .     SeeInvis .     - Unarmed
rCold    . . .     Gourm    +   (no shield)
rNeg     . . .     Faith    .   t - +0 storm dragon scales
rPois    +         Spirit   .   (helmet restricted)
rElec    +         Reflect  +   o - +0 cloak
rCorr    .         Harm     .   (gloves unavailable)
MR       .....                  (boots unavailable)
Stlth    ..........             m - +4 amulet of reflection
HPRegen  0.66/turn              B - ring of poison resistance
MPRegen  0.11/turn              f - +3 ring of protection

@: no status effects
A: large, unfitting armour, claws 3, fast metabolism 3, gourmand, regeneration
1, shaggy fur 1, tough skin 3
a: Berserk, Trog's Hand, Brothers in Arms, Renounce Religion


You were on level 9 of the Dungeon.
You worshipped Trog.
Trog was extremely pleased with you.
You were completely stuffed.

You visited 2 branches of the dungeon, and saw 10 of its levels.

You collected 541 gold pieces.

Inventory:

Hand Weapons
 C - a +2 scimitar of flaming
Missiles
 a - 5 steel javelins (quivered)
Armour
 o - a +0 cloak (worn)
 t - +0 storm dragon scales (worn)
Jewellery
 c - a cursed +3 amulet of reflection
 d - an uncursed ring of ice
 f - a +3 ring of protection (right claw)
 m - a +4 amulet of reflection (around neck)
 x - an uncursed ring of magical power
 B - a ring of poison resistance (left claw)
Wands
 z - a wand of flame (14)
 A - a wand of iceblast (17)
 E - a wand of polymorph (6)
Scrolls
 e - 2 scrolls of enchant weapon
 g - 2 scrolls of fear {unknown}
 h - 4 scrolls of teleportation
 j - a scroll of fog
 k - 2 scrolls of identify
 l - a scroll of magic mapping
 p - a scroll of immolation
 q - 3 scrolls of noise {unknown}
 v - 4 scrolls of amnesia {unknown}
 w - a scroll of enchant armour {unknown}
 y - 2 scrolls of remove curse
 D - a scroll of holy word {unknown}
Potions
 i - a potion of lignification
 r - 2 potions of agility
 s - 2 potions of haste
 u - 5 potions of curing
Comestibles
 b - 20 rations
 n - 2 chunks of flesh


   Skills:
 + Level 6.7 Fighting
 - Level 5.0 Throwing
 - Level 5.0 Armour
 - Level 2.4 Dodging
 * Level 11.0 Unarmed Combat


You had 9 spell levels left.
You didn't know any spells.
Your spell library contained the following spells:

 Spells                   Type           Power        Failure   Level  Hunger
 Apportation              Tloc           #.....       96%         1    ##.....
 Sting                    Conj/Pois      #...         96%         1    ##.....
 Summon Butterflies       Summ           #.......     96%         1    ##.....
 Poisonous Vapours        Pois/Air       #.....       99%         2    ###....
 Lesser Beckoning         Tloc           #.........   100%        3    ####...
 Mephitic Cloud           Conj/Pois/Air  #.......     100%        3    ####...
 Tukima's Dance           Hex            #.......     100%        3    ####...
 Olgreb's Toxic Radiance  Pois           #.......     100%        4    #####..
 Alistair's Intoxication  Tmut/Pois      #.......     100%        5    ######.
 Venom Bolt               Conj/Pois      #.........   100%        5    ######.
 Invisibility             Hex            #.......     100%        6    #######


Dungeon Overview and Level Annotations

Branches:
Dungeon (9/15)             Temple (1/1) D:4
   Lair: D:8-11         Orc: D:9-12

Altars:
Ashenzari
Cheibriados
Dithmenos
Elyvilon
Fedhas
Gozag
Hepliaklqana
Kikubaaqudgha
Makhleb
Nemelex Xobeh
Okawaru
Qazlal
Ru
Sif Muna
Trog
Uskayaw
Vehumet
Wu Jian
Xom
Yredelemnul
Zin
The Shining One

Annotations:
D:7 fly
D:9 2 transporters


Innate Abilities, Weirdness & Mutations

You are too large for most types of armour.
You have claws for hands.
Your metabolism is lightning-fast.
You like to eat raw meat.
Your natural rate of healing is unusually fast.
You are covered in fur. (AC +1)
You have extremely tough skin. (AC +3)


Message History

* * * LOW HITPOINT WARNING * * *
The white imp disappears for a moment.
The kobold demonologist begins to cast a cantrip, but forgets the words!
The orange demon splashes around in the water.
The orange demon hits you.
* * * LOW HITPOINT WARNING * * *
The kobold demonologist mumbles some strange words.
The sun demon hits you.
* * * LOW HITPOINT WARNING * * *
You are engulfed in flames!
* * * LOW HITPOINT WARNING * * *
Unknown command.
The kobold demonologist mumbles some strange words.
The kobold demonologist casts a spell.
The orange demon splashes around in the water.
The orange demon hits you.
* * * LOW HITPOINT WARNING * * *
The orc priest calls down the wrath of Beogh upon you.
Beogh smites you!
You die...

#..# #.##
#######..####...#####
..........[...©.....#
########..#########.#
#..#8P$©$P8#.#
#..#≈.$}:.P#.#
#..####+####.###
#..#4≈.$.≈.#....
#..#.≈.@.≈e#.... #
#>.#K≈≈34≈K#....
#.##..#o≈3♣≈≈.#Y... #
#.#...#K≈≈≈53o#....
#.#.....#e≈...≈o#....
........#o≈..5≈K#[...
#.##....####'####....
#.##....#P.....P#....
#.......#8P.©(P8#....


You could see a soul eater, a sun demon, an orange demon, 2 deep elf knights, 4
kobold demonologists, a ynoxinul, a chaos spawn, a sky beast, 4 orc priests, a
white imp and a shadow imp.

Vanquished Creatures
  Erica (D:8)
  A two-headed ogre (D:9)
  Joseph (D:7)
  A spriggan (D:7)
  A steam dragon (D:8)
  A water moccasin (D:7)
  2 orc warriors
  2 ice beasts
  A black bear (D:9)
  2 sky beasts
  An ogre (D:8)
  2 centaurs
  A phantom (D:3)
  A big kobold (D:7)
  3 bullfrogs
  2 scorpions
  6 killer bees (D:8)
  5 wights (D:7)
  4 crimson imps
  3 bullfrog zombies
  5 orc wizards
  A gnoll shaman (D:5)
  10 orc priests
  2 hounds
  A bullfrog skeleton (D:6)
  A centaur skeleton (D:7)
  3 iguanas
  3 worker ants
  A hound skeleton (D:8)
  2 worker ant zombies
  2 howler monkey skeletons
  12 gnolls
  5 adders
  2 oozes
  2 worms (D:2)
  3 dart slugs
  2 leopard geckos
  41 orcs
  5 giant cockroaches
  16 goblins
  7 hobgoblins
  4 jackals (D:3)
  10 kobolds
  4 quokkas
  2 ball pythons (D:3)
  10 bats
  7 frilled lizards
  A quokka skeleton (D:4)
  2 quokka zombies
  10 rats
217 creatures vanquished.

Vanquished Creatures (others)
  A centaur (D:7)
  A hound zombie (D:8)
  2 orcs (D:8)
4 creatures vanquished.

Grand Total: 221 creatures vanquished

Notes
Turn   | Place    | Note
-------+----------+-------------------------------------------
     0 | D:1      | OrcJesus the Troll Berserker began the quest for the Orb.
     0 | D:1      | Reached XP level 1. HP: 22/22 MP: 0/0
   112 | D:1      | Reached XP level 2. HP: 29/29 MP: 1/1
   501 | D:1      | Reached skill level 1 in Throwing
   501 | D:1      | Reached XP level 3. HP: 32/36 MP: 2/2
   732 | D:2      | Reached ** piety under Trog
   803 | D:2      | Reached skill level 4 in Unarmed Combat
   958 | D:2      | Reached XP level 4. HP: 44/44 MP: 3/3
  1263 | D:2      | Found a burning altar of Makhleb.
  1533 | D:3      | Reached *** piety under Trog
  1720 | D:3      | Found a blossoming altar of Fedhas.
  1733 | D:3      | Found an ancient bone altar of Kikubaaqudgha.
  1888 | D:3      | Noticed a phantom
  1898 | D:3      | Killed a phantom
  1898 | D:3      | Reached skill level 1 in Armour
  1898 | D:3      | Reached XP level 5. HP: 53/53 MP: 4/4
  2014 | D:3      | Reached skill level 5 in Unarmed Combat
  2017 | D:3      | Reached XP level 6. HP: 28/61 MP: 5/5
  2494 | D:4      | Reached XP level 7. HP: 68/68 MP: 6/6
  2503 | D:4      | Reached skill level 6 in Unarmed Combat
  2504 | D:4      | Reached **** piety under Trog
  2653 | D:4      | Found a staircase to the Ecumenical Temple.
  2992 | Temple   | Entered the Ecumenical Temple
  3051 | D:5      | Entered Level 5 of the Dungeon
  3282 | D:5      | Found a radiant altar of Vehumet.
  3553 | D:5      | Reached XP level 8. HP: 78/78 MP: 7/7
  3658 | D:5      | Found a deep blue altar of Sif Muna.
  3658 | D:5      | Found a shimmering altar of Xom.
  3724 | D:6      | Reached skill level 7 in Unarmed Combat
  3821 | D:6      | Found a radiant altar of Vehumet.
  3871 | D:6      | Found an ornate altar of the Wu Jian Council.
  4532 | D:7      | Reached skill level 8 in Unarmed Combat
  4544 | D:7      | Reached skill level 5 in Fighting
  4656 | D:7      | Received a gift from Trog
  4665 | D:7      | Noticed Joseph
  4670 | D:7      | Reached XP level 9. HP: 69/88 MP: 8/8
  4686 | D:7      | Killed Joseph
  4821 | D:7      | Reached skill level 5 in Throwing
  4821 | D:7      | Reached skill level 9 in Unarmed Combat
  5244 | D:7      | Found a shadowy altar of Dithmenos.
  5502 | D:8      | Found a stormy altar of Qazlal.
  5634 | D:8      | Reached ***** piety under Trog
  5673 | D:8      | Received a gift from Trog
  5816 | D:8      | Reached skill level 5 in Armour
  5980 | D:8      | Noticed Erica
  5986 | D:8      | Killed Erica
  5986 | D:8      | Reached skill level 10 in Unarmed Combat
  5986 | D:8      | Reached XP level 10. HP: 98/98 MP: 9/9
  6311 | D:9      | Noticed a two-headed ogre
  6321 | D:9      | Killed a two-headed ogre
  6436 | D:9      | Found a transporter.
  6440 | D:9      | Noticed a deep elf knight
  6448 | D:9      | Found a transporter.
  6451 | D:9      | Reached skill level 11 in Unarmed Combat
  6454 | D:9      | Found a transporter.
  6463 | D:9      | Noticed a deep elf knight
  6472 | D:9      | Noticed a sun demon
  6475 | D:9      | Noticed an orange demon
  6475 | D:9      | Noticed a soul eater
  6476 | D:9      | Killed from afar by an orc priest

Skill      XL: |  1  2  3  4  5  6  7  8  9 10 |
---------------+-------------------------------+-----
Throwing       | 1 2 3 4 5 |  5.0
Unarmed Combat | 4 5 6 8 10 11 | 11.0
Fighting       | 3 4 5 6 |  6.7
Armour         | 1 2 3 5 |  5.0
Dodging        | |  2.4

Action                   |  1- 3 |  4- 6 |  7- 9 | 10-12 || total
-------------------------+-------+-------+-------+-------++-------
Melee: Unarmed           |    98 |   190 |   311 |    37 ||   636
       Punch             |     1 |     3 |     8 |     2 ||    14
Invok: Berserk           |       |     1 |     3 |       ||     4
       Trog's Hand       |       |     1 |       |       ||     1
  Use: Scroll            |       |       |     8 |       ||     8
       Potion            |       |       |     6 |       ||     6
 Stab: Sleeping          |       |     1 |       |       ||     1
  Eat: Chunk             |    14 |    16 |    35 |     4 ||    69
Armor: Animal skin       |    29 |     1 |       |       ||    30
       Storm dragon scal |       |   116 |   185 |    27 ||   328
       Skin              |       |       |     7 |       ||     7
Dodge: Dodged            |    40 |    39 |   111 |    12 ||   202
Block: Other             |     9 |    29 |    55 |     5 ||    98
       Reflection        |       |     1 |     9 |       ||    10
